Map: Echo of the past

Players

Tesla - Winner!

  • Race: Protoss Protoss

GroundZero

  • Race: Protoss Protoss

VOD

Have the link to the VOD?

Description

DT DT DT FUCKING DT Kappa PJSugar PJSugar PJSugar PJSugar PJSugar PJSugar PJSugar PJSugar PJSugar PJSugar PJSugar PJSugar PJSugar

Time

  • Played on: Aug. 19, 2016, 12:43 p.m.
  • Length: 18:14
Show
View Real Time Build Order
Export as new Build Order

Tesla Protoss - Winner!

Build Orders:  

Get SALT Encoding   

  12  0:00  Probe (Chrono Boost)  
  13  0:11  Probe (Chrono Boost)  
  14  0:18  Pylon  
  14  0:21  Probe (Chrono Boost)  
  15  0:36  Probe (Chrono Boost)  
  15  0:37  Gateway  
  16  0:44  Assimilator  
  16  0:46  Probe (Chrono Boost)  
  17  0:57  Probe (Chrono Boost)  
  17  1:03  Pylon  
  18  1:08  Probe (Chrono Boost)  
  19  1:18  Probe (Chrono Boost)  
  20  1:25  Cybernetics Core  
  20  1:29  Probe (Chrono Boost)  
  22  1:40  Probe (Chrono Boost)  
  22  1:48  Warp Gate  
  22  1:50  Probe (Chrono Boost)  
  23  1:58  Nexus  
  24  2:02  Probe (Chrono Boost)  
  24  2:09  Adept  
  26  2:15  Assimilator  
  26  2:20  Probe (Chrono Boost)  
  27  2:26  Pylon  
  27  2:34  Mothership Core (Chrono Boost)  
  29  2:40  Adept  
  31  2:49  Assimilator  
  31  2:50  Assimilator  
  31  2:54  Probe (Chrono Boost), Pylon  
  33  3:06  Probe (Chrono Boost)  
  33  3:17  Pylon  
  33  3:19  Probe (Chrono Boost)  
  34  3:22  Gateway  
  34  3:23  Probe (Chrono Boost)  
  34  3:24  Gateway, Sentry  
  35  3:31  Probe (Chrono Boost)  
  39  3:35  Probe (Chrono Boost)  
  39  3:43  Probe (Chrono Boost), Pylon  
  39  3:47  Twilight Council  
  41  3:49  Probe (Chrono Boost)  
  42  3:56  Probe (Chrono Boost)  
  42  4:04  Stalker  
  42  4:08  Forge  
  44  4:14  Probe (Chrono Boost)  
  45  4:24  Robotics Facility  
  45  4:25  Adept  
  45  4:26  Blink  
  45  4:30  Stalker  
  49  4:32  Protoss Ground Weapons Level 1  
  49  4:35  Probe (Chrono Boost)  
  49  4:36  Probe (Chrono Boost)  
  51  4:51  Probe (Chrono Boost)  
  53  4:52  Probe (Chrono Boost)  
  53  4:57  Stalker  
  53  4:59  Sentry  
  57  5:06  Probe x2 (Chrono Boost)  
  59  5:09  Stalker  
  61  5:18  Probe x2 (Chrono Boost), Observer  
  64  5:25  Stalker  
  64  5:27  Stalker  
  68  5:30  Probe (Chrono Boost)  
  68  5:33  Probe (Chrono Boost), Stalker  
  72  5:45  Gateway  
  72  5:48  Pylon  
  72  5:52  Pylon  
  72  5:54  Observer  
  73  5:58  Photon Cannon  
  73  6:00  Probe (Chrono Boost)  
  73  6:01  Probe (Chrono Boost)  
  73  6:02  Pylon  
  75  6:07  Stalker  
  75  6:09  Stalker  
  75  6:10  Protoss Ground Weapons Level 2  
  79  6:11  Sentry  
  79  6:14  Resonating Glaives  
  79  6:17  Warp Prism  
  83  6:22  Probe x2 (Chrono Boost)  
  85  6:33  Stargate  
  85  6:41  Adept  
  87  6:49  Stalker  
  87  6:50  Stalker  
  87  6:51  Sentry  
  87  6:54  Immortal  
  99  6:55  Probe x2 (Chrono Boost)  
  99  7:04  Gateway  
  99  7:07  Gateway  
  99  7:09  Pylon  
  99  7:10  Adept  
  99  7:15  Probe (Chrono Boost)  
  102  7:23  Pylon  
  102  7:28  Pylon  
  103  7:32  Pylon  
  102  7:38  Nexus, Pylon  
  102  7:42  Assimilator  
  102  7:44  Assimilator  
  102  7:46  Stalker  
  104  7:52  Stalker  
  104  7:53  Adept  
  104  7:56  Adept  
  110  8:02  Stalker  
  110  8:03  Adept  
  115  8:06  Probe (Chrono Boost)  
  115  8:14  Stalker x2  
  119  8:20  Stalker  
  121  8:27  Void Ray  
  125  8:36  Stalker  
  125  8:37  Stalker  
  129  8:45  Immortal  
  133  8:50  Probe (Chrono Boost)  
  133  8:51  Probe (Chrono Boost)  
  133  8:52  Probe (Chrono Boost)  
  136  8:59  Stalker  
  138  9:03  Stalker  
  138  9:05  Adept  
  142  9:12  Stalker  
  142  9:13  Stalker  
  142  9:17  Stalker  
  140  9:24  Stalker  
  140  9:26  Adept  
  104  9:44  Stalker x3  
  104  9:45  Stalker  
  73  10:04  Stalker  
  73  10:05  Stalker  
  73  10:07  Immortal  
  69  10:14  Stalker x3  
  65  10:28  Stalker x2  
  69  10:34  Stalker  
  67  10:39  Stalker  
  67  10:44  Observer  
  67  10:47  Stalker x2  
  72  10:56  Probe x2 (Chrono Boost)  
  70  10:58  Stalker  
  70  11:03  Immortal  
  76  11:26  Nexus  
  76  11:29  Probe (Chrono Boost)  
  76  11:31  Probe (Chrono Boost)  
  76  11:32  Sentry  
  80  11:34  Sentry  
  83  11:41  Probe (Chrono Boost)  
  83  11:43  Probe (Chrono Boost)  
  84  11:51  Sentry  
  84  11:53  Probe (Chrono Boost)  
  86  11:56  Observer  
  87  12:10  Stalker x4  
  87  12:11  Stalker  
  97  12:19  Stalker  
  99  12:26  Observer  
  99  12:28  Probe x2 (Chrono Boost)  
  92  12:44  Stalker x2  
  92  12:45  Stalker  
  98  12:52  Stalker  
  98  12:53  Stalker  
  98  12:56  Sentry  
  105  12:59  Probe (Chrono Boost)  
  105  13:01  Probe (Chrono Boost)  
  105  13:05  Warp Prism  
  106  13:11  Probe (Chrono Boost)  
  110  13:14  Probe (Chrono Boost)  
  110  13:20  Stalker  
  104  13:47  Stalker  
  104  13:48  Stalker x4  
  109  13:59  Photon Cannon  
  107  14:23  Probe x2 (Chrono Boost)  
  109  14:35  Probe x2 (Chrono Boost)  
  112  14:47  Probe x2 (Chrono Boost)  
  113  14:56  Adept  
  112  15:06  Adept  
  109  15:07  Adept x2  
  109  15:08  Adept  
  101  15:37  Stalker x3  
  101  15:38  Stalker  
  105  15:45  Probe (Chrono Boost)  
  106  15:57  Assimilator  
  106  15:59  Assimilator  
  106  16:02  Pylon  
  106  16:08  Pylon  
  106  16:15  Stalker x2  
  94  16:34  Stalker x2  
  94  16:35  Stalker  
  92  16:47  Adept  
  92  16:48  Adept x2  
  90  16:58  Stalker  
  90  16:59  Stalker  
  92  17:11  Stalker x2  
  94  17:24  Stalker x2  
  94  17:25  Stalker  
  86  17:55  Nexus  
Show
View Real Time Build Order
Export as new Build Order

GroundZero Protoss 

Build Orders: Nexus First 

Get SALT Encoding   

  12  0:02  Probe (Chrono Boost)  
  13  0:13  Probe (Chrono Boost)  
  14  0:22  Pylon  
  14  0:23  Probe (Chrono Boost)  
  15  0:40  Probe (Chrono Boost)  
  16  0:51  Probe (Chrono Boost)  
  17  1:00  Nexus  
  17  1:04  Probe (Chrono Boost)  
  18  1:12  Gateway  
  18  1:16  Probe (Chrono Boost)  
  19  1:21  Assimilator  
  19  1:29  Probe (Chrono Boost), Assimilator  
  20  1:39  Probe (Chrono Boost)  
  21  1:41  Pylon  
  21  1:50  Probe (Chrono Boost)  
  22  1:57  Gateway  
  22  2:03  Cybernetics Core  
  22  2:08  Probe (Chrono Boost)  
  23  2:18  Probe (Chrono Boost)  
  23  2:19  Zealot  
  26  2:28  Gateway  
  26  2:39  Probe (Chrono Boost)  
  26  2:43  Mothership Core (Chrono Boost)  
  29  2:45  Warp Gate  
  29  2:50  Probe (Chrono Boost)  
  32  2:51  Sentry  
  32  2:56  Adept  
  34  3:00  Probe (Chrono Boost)  
  34  3:04  Probe (Chrono Boost)  
  36  3:11  Probe (Chrono Boost)  
  37  3:14  Probe (Chrono Boost)  
  37  3:17  Pylon  
  38  3:25  Robotics Facility  
  38  3:27  Probe (Chrono Boost)  
  39  3:30  Probe (Chrono Boost)  
  40  3:36  Adept  
  40  3:37  Probe (Chrono Boost)  
  43  3:43  Stalker  
  43  3:48  Stalker  
  47  3:53  Probe (Chrono Boost)  
  48  3:58  Pylon  
  48  4:04  Probe (Chrono Boost)  
  48  4:06  Assimilator  
  48  4:09  Assimilator  
  49  4:10  Stalker  
  49  4:16  Observer  
  52  4:19  Probe (Chrono Boost), Pylon  
  52  4:23  Probe (Chrono Boost)  
  54  4:29  Probe (Chrono Boost), Twilight Council  
  55  4:33  Pylon  
  56  4:45  Observer  
  56  4:48  Probe (Chrono Boost)  
  56  4:51  Probe (Chrono Boost)  
  58  4:58  Probe (Chrono Boost)  
  59  5:02  Probe (Chrono Boost)  
  59  5:04  Nexus  
  60  5:08  Pylon  
  60  5:09  Probe (Chrono Boost)  
  60  5:12  Probe (Chrono Boost)  
  62  5:15  Charge  
  62  5:19  Probe (Chrono Boost)  
  62  5:20  Forge  
  63  5:24  Pylon  
  62  5:31  Forge  
  62  5:33  Probe (Chrono Boost)  
  63  5:39  Immortal  
  67  5:44  Probe (Chrono Boost), Stalker  
  70  5:54  Gateway  
  70  5:55  Gateway  
  70  6:02  Probe (Chrono Boost), Dark Shrine  
  71  6:04  Pylon  
  71  6:10  Pylon  
  71  6:16  Photon Cannon  
  71  6:17  Probe (Chrono Boost)  
  72  6:24  Protoss Ground Weapons Level 1  
  72  6:25  Protoss Ground Armor Level 1  
  72  6:28  Probe (Chrono Boost)  
  73  6:39  Probe (Chrono Boost)  
  74  6:49  Probe (Chrono Boost), Robotics Facility  
  74  6:50  Pylon  
  75  7:00  Probe (Chrono Boost), Blink  
  76  7:02  Warp Prism  
  76  7:07  Nexus  
  78  7:10  Probe (Chrono Boost)  
  78  7:12  Zealot x3  
  85  7:16  Pylon  
  85  7:21  Probe (Chrono Boost)  
  85  7:22  Pylon  
  86  7:24  Pylon  
  86  7:27  Gateway  
  86  7:28  Gateway  
  86  7:31  Probe (Chrono Boost)  
  86  7:34  Pylon  
  87  7:41  Stalker x3  
  93  7:53  Zealot  
  93  7:54  Zealot  
  93  7:57  Probe (Chrono Boost)  
  93  7:58  Assimilator  
  98  7:59  Assimilator  
  98  8:04  Immortal x2  
  98  8:11  Robotics Bay  
  98  8:25  Dark Templar x2  
  98  8:26  Dark Templar x3  
  104  8:45  Warp Prism  
  104  8:47  Immortal  
  110  8:55  Photon Cannon  
  110  8:58  Zealot x2  
  110  8:59  Photon Cannon  
  110  9:00  Sentry  
  110  9:02  Probe (Chrono Boost)  
  117  9:05  Probe (Chrono Boost)  
  118  9:13  Probe (Chrono Boost)  
  119  9:17  Dark Templar  
  119  9:18  Dark Templar  
  119  9:23  Probe (Chrono Boost)  
  124  9:26  Pylon  
  124  9:27  Stalker x2  
  124  9:28  Stalker  
  68  9:55  Dark Templar x3  
  68  9:57  Dark Templar  
  68  9:58  Dark Templar  
  56  10:07  Probe (Chrono Boost)  
  52  10:16  Photon Cannon  
  52  10:19  Probe (Chrono Boost)  
  52  10:26  Probe (Chrono Boost)  
  53  10:31  Probe (Chrono Boost)  
  53  10:35  Stalker x3  
  56  10:38  Probe (Chrono Boost)  
  60  10:43  Probe (Chrono Boost)  
  60  10:54  Gateway  
  54  11:01  Archon  
  54  11:02  Archon  
  54  11:08  Probe (Chrono Boost)  
  57  11:14  Mothership Core (Chrono Boost)  
  57  11:20  Probe (Chrono Boost)  
  58  11:26  Warp Prism  
  58  11:32  Probe (Chrono Boost)  
  61  11:35  Nexus  
  61  11:40  Stalker x2  
  61  11:44  Probe (Chrono Boost)  
  66  11:49  Zealot x2  
  70  12:03  Protoss Ground Weapons Level 2  
  70  12:14  Probe (Chrono Boost), Protoss Ground Armor Level 2  
  70  12:15  Probe (Chrono Boost)  
  70  12:27  Probe x2 (Chrono Boost)  
  72  12:39  Probe (Chrono Boost)  
  59  12:50  Disruptor x2  
  59  12:59  Probe x2 (Chrono Boost)  
  59  13:02  Dark Templar x2  
  59  13:05  Dark Templar  
  65  13:11  Probe (Chrono Boost)  
  66  13:13  Sentry x2  
  66  13:16  Stalker  
  72  13:26  Immortal  
  72  13:33  Immortal  
  78  13:45  Dark Templar  
  82  13:57  Probe x2 (Chrono Boost), Assimilator  
  82  13:59  Assimilator  
  82  14:06  Disruptor  
  82  14:07  Disruptor  
  82  14:09  Probe (Chrono Boost)  
  87  14:22  Probe (Chrono Boost)  
  86  14:30  Pylon  
  86  14:32  Probe (Chrono Boost), Pylon  
  87  14:38  Dark Templar x2  
  89  14:54  Zealot x3  
  92  15:07  Stalker  
  86  15:16  Stalker x3  
  88  15:28  Adept  
  88  15:29  Adept  
  90  15:44  Dark Templar x2  
  92  15:51  Stargate  
  92  15:57  Photon Cannon  
  92  16:10  Stalker  
  94  16:12  Stalker  
  81  16:38  Zealot x3  
  81  16:39  Zealot x2  
  49  16:55  Dark Templar  
  44  17:08  Dark Templar x2  
  48  17:12  Dark Templar x2  
  45  17:34  Stalker  
Tags
 
Add a new tag
Caveats
  • Supply blocks, unpowered buildings, or Contaminate may cause inaccurate times.
  • Supply counts are checked every 10 seconds.